 Dungeon Crawl Stone Soup version 0.28.0-45-g0d030f2227 (webtiles) character file.

Game seed: 1412410697839720247

9823 DearestLeader the Reanimator (level 11, -1/97 HPs)
             Began as a Deep Dwarf Necromancer on Apr 7, 2022.
             Was an Elder of Makhleb.
             Slain by a six-headed hydra (7 damage)
             ... on level 1 of the Lair of Beasts on Apr 8, 2022.
             The game lasted 00:33:29 (11443 turns).

DearestLeader the Reanimator (DDNe)                Turns: 11443, Time: 00:33:29

Health: -1/97      AC: 15    Str: 26    XL:     11   Next: 28%
Magic:  1/17       EV: 13    Int: 20    God:    Makhleb [****..]
Gold:   482        SH:  0    Dex: 23    Spells: 13/18 levels left

rFire   . . .      SeeInvis .   G - +1 trident (vorpal)
rCold   . . .      Faith    .   (no shield)
rNeg    . . .      Spirit   .   q - +7 ring mail "Owaiw" {Str+4 Int+4 Dex+4}
rPois   .          Reflect  .   k - +0 helmet
rElec   .          Harm     .   (no cloak)
rCorr   .          Rampage  .   s - +0 pair of gloves
Will    +....                   (no boots)
Stlth   ++........              (no amulet)
HPRegen 0.00/turn               f - +6 ring of dexterity
MPRegen 0.15/turn               C - +6 ring of strength

@: studying Fire Magic
A: damage resistance, heal wounds, sense surroundings 2, no regeneration
a: Heal Wounds, Renounce Religion, Minor Destruction, Lesser Servant of Makhleb,
Major Destruction


You were on level 1 of the Lair of Beasts.
You worshipped Makhleb.
Makhleb was greatly pleased with you.
You visited 3 branches of the dungeon, and saw 12 of its levels.

You collected 568 gold pieces.
You spent 86 gold pieces at shops.

Inventory:

Hand Weapons
 d - a +0 executioner's axe
 v - a +0 broad axe
 x - a +1 mace of distortion
 G - a +1 vorpal trident (weapon)
 I - a +0 war axe
 M - a +3 halberd of freezing
Missiles
 j - 2 throwing nets
 F - 24 poisoned darts
 R - 4 curare-tipped darts
Armour
 k - a +0 helmet (worn)
 q - the +7 ring mail "Owaiw" (worn) {Str+4 Int+4 Dex+4}
   (You found it on level 3 of the Dungeon)

   Str:       It affects your strength (+4).
   Int:       It affects your intelligence (+4).
   Dex:       It affects your dexterity (+4).
 s - a +0 pair of gloves (worn)
 P - +0 swamp dragon scales
Jewellery
 f - a +6 ring of dexterity (left hand)
 i - a +6 ring of dexterity
 w - a ring of flight
 y - an amulet of faith
 C - a +6 ring of strength (right hand)
 K - a ring of fire
Scrolls
 a - 2 scrolls of magic mapping
 b - 6 scrolls of identify
 c - a scroll of brand weapon {unknown}
 e - 2 scrolls of summoning {unknown}
 g - 4 scrolls of enchant armour {unknown}
 h - 6 scrolls of fear
 l - 3 scrolls of teleportation
 m - 2 scrolls of immolation
 n - a scroll of fog {unknown}
 r - 4 scrolls of amnesia {unknown}
 t - 2 scrolls of holy word {unknown}
 A - 2 scrolls of acquirement {unknown}
 E - a scroll of torment {unknown}
 Q - a scroll of noise {unknown}
Potions
 o - a potion of flight {unknown}
 p - 2 potions of mutation
 z - 2 potions of degeneration {unknown}
 B - 2 potions of heal wounds
 D - a potion of might {unknown}
 H - a potion of attraction {unknown}
 J - 3 potions of lignification {unknown}
 L - a potion of invisibility
 N - a potion of curing {unknown}
 O - a potion of berserk rage {unknown}
Miscellaneous
 u - a piece from Xom's chessboard (15/15)


   Skills:
 + Level 5.9 Fighting
 * Level 9.2 Axes
 + Level 4.9 Armour
 - Level 3.0 Dodging
 - Level 3.0 Stealth
 - Level 4.0 Spellcasting
 - Level 12.0 Necromancy
 - Level 6.0 Fire Magic
 + Level 7.1 Invocations


You had 13 spell levels left.
You knew the following spells:

 Your Spells              Type           Power      Damage    Failure   Level
a - Pain                  Necr           100%       1d9       1%          1
b - Animate Skeleton      Necr           100%       N/A       1%          1
c - Vampiric Draining     Necr           51%        2d9       1%          3

Your spell library contained the following spells:

 Spells                   Type           Power      Damage    Failure   Level
 Animate Dead             Necr           25%        N/A       1%          4
 Corpse Rot               Necr/Air       56%        N/A       2%          2
 Agony                    Necr           51%        N/A       3%          5
 Conjure Flame            Conj/Fire      16%        6-21      16%         3
 Anguish                  Hex/Necr       14%        N/A       16%         4
 Magic Dart               Conj           16%        1d3       19%         1
 Shock                    Conj/Air       16%        1d4       19%         1
 Ignite Poison            Fire/Tmut/Pois 12%        N/A       24%         3
 Ensorcelled Hibernation  Hex/Ice        8%         N/A       28%         2
 Passwall                 Tmut/Erth      3%         N/A       28%         2
 Poisonous Vapours        Pois/Air       8%         N/A       28%         2
 Searing Ray              Conj           8%         2d4       28%         2
 Sticky Flame             Conj/Fire      16%        2d4       47%         4
 Call Canine Familiar     Summ           4%         N/A       50%         3
 Portal Projectile        Hex/Tloc       8%         N/A       50%         3
 Summon Guardian Golem    Hex/Summ       4%         N/A       50%         3
 Swiftness                Air            4%         N/A       50%         3
 Tukima's Dance           Hex            4%         N/A       50%         3
 Airstrike                Air            2%         N/A       88%         4
 Fulminant Prism          Conj/Hex       2%         3d6       88%         4
 Leda's Liquefaction      Hex/Erth       2%         N/A       88%         4
 Summon Forest            Summ/Tloc      2%         N/A       99%         5
 Summon Mana Viper        Hex/Summ       4%         N/A       99%         5
 Summon Cactus Giant      Summ           2%         N/A       100%        6
 Enfeeble                 Hex            2%         N/A       100%        7
 Orb of Destruction       Conj           2%         9d5       100%        7
 Spellforged Servitor     Conj/Summ      2%         N/A       100%        7


Dungeon Overview and Level Annotations

Branches:
Dungeon (10/15)            Temple (1/1) D:4            Lair (1/6) D:10
    Orc (0/2) D:9

Altars:
Ashenzari
Cheibriados
Dithmenos
Elyvilon
Fedhas
Gozag
Kikubaaqudgha
Makhleb
Okawaru
Ru
Sif Muna
Vehumet
Wu Jian
Xom
Yredelemnul
Zin
The Shining One
Beogh

Shops:
D:1 !   D:3 :?[*   D:6 *   D:9 [

Annotations:
D:4 3 runed translucent doors, dandone's ghost, amateur DjIE
D:8 1 runed translucent door


Innate Abilities, Weirdness & Mutations

You are resistant to damage.
You can heal yourself by infusing magical energy.
You passively map the area around you.
You do not regenerate.


Message History

The six-headed hydra misses you.
The six-headed hydra bites you but does no damage.
The six-headed hydra bites you. The six-headed hydra bites you!
The six-headed hydra bites you. The six-headed hydra bites you!
You hit the six-headed hydra.
The six-headed hydra is severely wounded.
The six-headed hydra completely misses you.
The six-headed hydra closely misses you.
The six-headed hydra bites you!
* * * LOW HITPOINT WARNING * * *
The six-headed hydra bites you but does no damage.
The six-headed hydra bites you.
* * * LOW HITPOINT WARNING * * *
The six-headed hydra bites you but does no damage.
Unknown command.
You hit the six-headed hydra.
The six-headed hydra is severely wounded.
The six-headed hydra closely misses you.
The six-headed hydra bites you but does no damage.
The six-headed hydra bites you.
The six-headed hydra bites you but does no damage.
The six-headed hydra bites you.
* * * LOW HITPOINT WARNING * * *
The six-headed hydra bites you but does no damage.
You puncture the six-headed hydra!
The six-headed hydra is almost dead.
The six-headed hydra barely misses you.
The six-headed hydra closely misses you.
The six-headed hydra bites you.
* * * LOW HITPOINT WARNING * * *
The six-headed hydra closely misses you. x2
The six-headed hydra bites you.
You hit the six-headed hydra.
The six-headed hydra is almost dead.
The six-headed hydra barely misses you. The six-headed hydra bites you!
* * * LOW HITPOINT WARNING * * *
The six-headed hydra bites you.
The six-headed hydra bites you but does no damage. x2
The six-headed hydra bites you!
You die...

* *, *,,,
,,.........# *
,,........##
#............
#...........## *
##............# **
.........#...?## *
,,..........#.D...#
#..........#.@..##
*#...............P#
,
#...............##
.##..........P#####
)..P.........##
.#...........#
..............#
..............#
....#........##


You could see a six-headed hydra.

Vanquished Creatures
  A two-headed ogre (D:10)
  Sonja (D:10)
  A deep elf pyromancer (D:7)
  An ugly thing (D:9)
  Maggie (D:10)
  A cane toad (Lair:1)
  A komodo dragon (D:10)
  9 yaks
  3 wyverns
  3 wraiths (D:10)
  A steam dragon (D:8)
  2 water moccasins
  6 orc warriors
  4 sky beasts
  A necrophage (D:5)
  4 black bears
  3 ogres
  An ice beast (D:8)
  A centaur (D:9)
  4 bullfrogs
  3 kobold brigands
  A wyvern zombie (D:5)
  A water moccasin zombie (D:5)
  3 scorpions
  5 killer bees (D:8)
  5 wights (D:8)
  An electric eel (D:9)
  3 howler monkeys
  3 bullfrog zombies
  2 centaur zombies
  11 orc priests
  2 hounds
  2 jellies (D:6)
  A gnoll shaman (D:8)
  2 bullfrog skeletons (D:5)
  An iguana (D:4)
  10 orc wizards
  A killer bee zombie (D:3)
  A hound skeleton (D:5)
  A howler monkey zombie (D:5)
  Robin (D:1)
  8 gnolls
  6 adders
  2 shadow imps
  3 white imps
  2 ufetubi
  A worm (D:2)
  A dart slug (D:4)
  40 orcs
  7 bats
  2 endoplasms (D:4)
  3 giant cockroaches
  20 goblins
  8 hobgoblins
  3 jackals (D:3)
  19 kobolds
  4 quokkas
  4 ball pythons
  4 frilled lizards
  A jackal skeleton (D:4)
  4 rats
  2 butterflies
253 creatures vanquished.

Vanquished Creatures (collateral kills)
  Menkaure (D:5)
  An orc (D:3)
  A kobold (D:7)
3 creatures vanquished.

Vanquished Creatures (others)
  37 fungi (D:10)
  38 plants
75 creatures vanquished.

Grand Total: 331 creatures vanquished

Notes
Turn   | Place    | Note
-------+----------+-------------------------------------------
     0 | D:1      | DearestLeader the Deep Dwarf Necromancer began the quest
                  | for the Orb.
     0 | D:1      | Reached XP level 1. HP: 15/15 MP: 3/3
   178 | D:1      | Found Tododoul's Distillery.
   186 | D:1      | Bought a potion of heal wounds for 50 gold pieces
   230 | D:1      | Found a faded altar of an unknown god.
   482 | D:1      | Reached XP level 2. HP: 11/22 MP: 4/4
  1108 | D:2      | Reached XP level 3. HP: 14/28 MP: 3/6
  1109 | D:2      | Noticed Robin
  1182 | D:1      | Killed Robin
  1183 | D:1      | Reached skill level 5 in Necromancy
  1191 | D:1      | Learned a level 1 spell: Animate Skeleton
  1195 | D:1      | Learned a level 3 spell: Vampiric Draining
  1480 | D:2      | Reached skill level 1 in Armour
  2026 | D:2      | Reached XP level 4. HP: 29/36 MP: 0/7
  2257 | D:3      | Identified the +7 ring mail "Owaiw" {Str+4 Int+4 Dex+4}
  2561 | D:3      | Found Puzoweir's Magic Scroll Shop.
  2627 | D:3      | Bought a scroll of teleportation for 36 gold pieces
  2714 | D:3      | Found Xututhei's Book Emporium.
  2721 | D:3      | Found Punlaryu's Armour Boutique.
  2884 | D:3      | Reached XP level 5. HP: 42/43 MP: 8/8
  2892 | D:3      | Reached skill level 6 in Necromancy
  2900 | D:3      | Reached skill level 1 in Fighting
  2973 | D:3      | Found Yzideepn's General Store.
  3596 | D:4      | Reached XP level 6. HP: 37/51 MP: 5/9
  3915 | D:4      | Found a runed translucent gate.
  4029 | D:4      | Found a staircase to the Ecumenical Temple.
  4037 | Temple   | Entered the Ecumenical Temple
  4111 | Temple   | Became a worshipper of Makhleb the Destroyer
  4172 | D:4      | Noticed dandone's ghost (amateur DjIE)
  4173 | D:4      | Found a runed translucent gate.
  4173 | D:4      | Found a runed translucent gate.
  4173 | D:4      | Identified the +1 mace of Asaseg {flame, rN+}
  4402 | D:5      | Entered Level 5 of the Dungeon
  4405 | D:5      | Found a shimmering altar of Xom.
  4632 | D:5      | Noticed a sky beast
  4693 | D:5      | HP: 1/52 [wyvern zombie (5)]
  4695 | D:5      | Reached skill level 7 in Necromancy
  4715 | D:5      | HP: 1/52 [something (4)]
  4718 | D:5      | Killed a sky beast
  4719 | D:5      | Reached XP level 7. HP: 13/61 MP: 0/10
  5006 | D:5      | Reached skill level 8 in Necromancy
  5068 | D:5      | Noticed Menkaure
  5086 | D:5      | Killed Menkaure
  5087 | D:5      | Reached skill level 1 in Axes
  5196 | D:5      | Reached XP level 8. HP: 49/69 MP: 5/12
  5258 | D:5      | Reached * piety under Makhleb
  5810 | D:5      | Reached skill level 9 in Necromancy
  5810 | D:5      | Reached skill level 1 in Invocations
  5843 | D:6      | Reached skill level 1 in Fire Magic
  6239 | D:6      | Gained mutation: You passively map the area around you.
                  | [Deep Dwarf growth]
  6239 | D:6      | Reached XP level 9. HP: 75/78 MP: 8/15
  6378 | D:6      | Found Efeics's Mass Market.
  6528 | D:6      | Found a glowing silver altar of Zin.
  6672 | D:7      | Reached ** piety under Makhleb
  6870 | D:7      | Reached skill level 5 in Axes
  6898 | D:7      | Reached skill level 10 in Necromancy
  7187 | D:7      | Reached skill level 5 in Fire Magic
  7897 | D:7      | Noticed a deep elf pyromancer
  7904 | D:7      | Killed a deep elf pyromancer
  8057 | D:8      | Reached XP level 10. HP: 66/82 MP: 11/16
  8118 | D:8      | Reached skill level 5 in Fighting
  8431 | D:8      | Reached *** piety under Makhleb
  8489 | D:8      | Reached skill level 5 in Invocations
  8689 | D:8      | Noticed a boulder beetle
  8689 | D:8      | Noticed a boulder beetle
  8689 | D:8      | Noticed a tengu warrior
  8690 | D:8      | Found a runed translucent door.
  8692 | D:8      | Noticed a boulder beetle
  8692 | D:8      | Noticed a catoblepas
  8692 | D:8      | Noticed an ogre mage
  8692 | D:8      | Noticed a death knight
  8692 | D:8      | Noticed a death knight
  8815 | D:9      | Found a staircase to the Orcish Mines.
  8873 | D:9      | Noticed a brown ugly thing
  8958 | D:9      | Reached skill level 11 in Necromancy
  9055 | D:9      | Killed a brown ugly thing
  9560 | D:9      | Found Rueq's Armour Shoppe.
 10416 | D:10     | Entered Level 10 of the Dungeon
 10443 | D:10     | Noticed a two-headed ogre
 10447 | D:10     | Killed a two-headed ogre
 10583 | D:10     | Reached **** piety under Makhleb
 10745 | D:10     | Reached XP level 11. HP: 96/96 MP: 17/17
 10749 | D:10     | Found a staircase to the Lair.
 10843 | D:10     | Identified the +0 robe of Bitterness {+Blink rC- Regen+
                  | SInv}
 10932 | D:10     | Noticed Maggie
 10943 | D:10     | Killed Maggie
 11098 | D:10     | Reached skill level 12 in Necromancy
 11101 | D:10     | Noticed Sonja
 11108 | D:10     | Killed Sonja
 11371 | Lair:1   | Entered Level 1 of the Lair of Beasts
 11429 | Lair:1   | Noticed a six-headed hydra
 11443 | Lair:1   | Slain by a six-headed hydra

Illustrated notes

Levels and vault maps discovered:
D:1:      dpeg_arrival_court, layout_basic, ebering_ecumenical_altar_hall,
          serial_shops, shop, chequers_mini_garden
D:2:      layout_loops_cross, minmay_surrounded, uniq_robin
D:3:      layout_basic, serial_shops, shop, shop, shop, nicolae_shop_stone
D:4:      layout_rooms, temple_green, biasface_ghost_orc_armoury
D:5:      layout_basic, xom_butterflies, minmay_bent, uniq_menkaure
D:6:      layout_cave_pools, kennysheep_mini_moat, minmay_shop_mass,
          mrwooster_statue_mirror
D:7:      layout_basic, guppyfry_early_elven_hall
D:8:      minmay_gate_of_8, layout_basic
D:9:      layout_grid_maze, david_orc_3, serial_shops, shop, serial_bayou_ford_a
D:10:     layout_basic, due_lair_maze_entry_diamond, uniq_maggie, uniq_sonja
Temple:   regret_index_temple_chain_breaker
Lair:1:   layout_gridlike, gammafunk_ghost_cemetery

Skill      XL: |  1  2  3  4  5  6  7  8  9 10 11 |
---------------+----------------------------------+-----
Spellcasting   | 2 3 4 |  4.0
Necromancy     | 5 6 7 8 9 10 11 12 | 12.0
Armour         | 1 2 3 4 |  4.9
Stealth        | 3 |  3.0
Dodging        | 3 |  3.0
Fighting       | 1 2 3 4 5 |  5.9
Axes           | 1 4 6 8 9 |  9.2
Invocations    | 2 4 6 7 |  7.1
Fire Magic     | 2 6 |  6.0

Action                   |  1- 3 |  4- 6 |  7- 9 | 10-12 || total
-------------------------+-------+-------+-------+-------++-------
Melee: Unarmed           |    13 |       |       |       ||    13
       Short sword       |     3 |       |       |       ||     3
       Dagger            |    46 |   115 |   214 |       ||   375
       Punch             |       |     5 |     6 |       ||    11
       Whip              |       |    28 |    64 |       ||    92
       Trident           |       |       |    75 |     4 ||    79
       Halberd           |       |       |       |   186 ||   186
 Cast: Pain              |    46 |    16 |    19 |    14 ||    95
       Vampiric Draining |    12 |    24 |    51 |    65 ||   152
       Animate Skeleton  |       |     4 |     6 |     2 ||    12
  Use: Scroll            |       |     5 |     1 |       ||     6
       Potion            |       |     2 |     1 |       ||     3
 Stab: Sleeping          |     3 |     4 |     3 |     3 ||    13
       Invisible         |       |     4 |       |       ||     4
       Distracted        |       |       |     1 |     1 ||     2
Armor: Robe              |     3 |       |       |       ||     3
       Ring mail         |    27 |    67 |   180 |   133 ||   407
Dodge: Dodged            |    42 |   108 |   256 |   204 ||   610
